 Dungeon Crawl Stone Soup version 0.28.0-45-g0d030f2227 (webtiles) character file.

Game seed: 10152314052896710261

3464 Hrothgar the Charlatan (level 9, -6/72 HPs)
             Began as a White Draconian Artificer on Apr 5, 2022.
             Was an Elder of Okawaru.
             Shot with an arrow by a centaur warrior (11 damage)
             ... on level 8 of the Dungeon.
             The game lasted 01:05:08 (9659 turns).

Hrothgar the Charlatan (White Draconian Artificer)  Turns: 9659, Time: 01:05:09

Health: -6/72      AC:  7    Str: 21    XL:     9   Next: 78%
Magic:  12/12      EV: 14    Int: 14    God:    Okawaru [****..]
Gold:   270        SH:  0    Dex: 19    Spells: 13/13 levels left

rFire   . . .      SeeInvis .   b - +5 great sword (freeze)
rCold   + . .      Faith    .   (shield currently unavailable)
rNeg    . . .      Spirit   .   (armour unavailable)
rPois   .          Reflect  .   (helmet restricted)
rElec   .          Harm     .   (no cloak)
rCorr   .          Rampage  .   (no gloves)
Will    .....                   (no boots)
Stlth   +++.......              (no amulet)
HPRegen 0.22/turn               l - +6 ring of dexterity
MPRegen 0.13/turn               c - +6 ring of strength

@: short of breath
A: breathe frost, AC +7, unfitting armour, cold resistance 1, cold-blooded
a: Breathe Frost, Renounce Religion, Heroism, Finesse


You were on level 8 of the Dungeon.
You worshipped Okawaru.
Okawaru was greatly pleased with you.
You visited 1 branch of the dungeon, and saw 8 of its levels.

You collected 314 gold pieces.
You spent 44 gold pieces at shops.

Inventory:

Hand Weapons
 b - a +5 great sword of freezing (weapon)
 g - a +3 shortbow
 n - a +0 hunting sling
Missiles
 e - 18 bolts
 h - 31 sling bullets
 t - 96 arrows
 v - 2 boomerangs
 x - 3 silver boomerangs
 y - 5 javelins (quivered)
Jewellery
 c - a +6 ring of strength (right hand)
 k - a ring of fire
 l - a +6 ring of dexterity (left hand)
 s - an amulet of magic regeneration
Wands
 p - a wand of flame (13)
Scrolls
 f - a scroll of amnesia
 q - 2 scrolls of vulnerability
Potions
 a - a potion of might {unknown}
 i - a potion of magic
 j - a potion of cancellation
 o - 2 potions of degeneration
Miscellaneous
 d - a piece from Xom's chessboard (3/15)


   Skills:
 * Level 4.5 Fighting
 * Level 4.3(5.3) Short Blades
 * Level 4.6(5.5) Long Blades
 * Level 4.0(4.4) Slings
 * Level 1.4 Bows
 * Level 2.4(3.6) Throwing
 * Level 4.6 Dodging
 * Level 5.1 Stealth
 * Level 3.6 Unarmed Combat
 * Level 2.6 Spellcasting
 * Level 2.5 Invocations
 * Level 5.2 Evocations


You had 13 spell levels left.
You didn't know any spells.
Your spell library contained the following spells:

 Spells                   Type           Power      Damage    Failure   Level
 Dazzling Flash           Conj/Hex       2%         N/A       56%         3
 Ozocubu's Armour         Ice            1%         N/A       56%         3
 Iskenderun's Mystic Bla  Conj/Tloc      1%         2d3       92%         4
 Agony                    Necr           1%         N/A       99%         5
 Silence                  Hex/Air        0%         N/A       99%         5
 Starburst                Conj/Fire      0%         6d3       100%        6
 Ozocubu's Refrigeration  Ice            0%         4d5       100%        7


Dungeon Overview and Level Annotations

Branches:
Dungeon (8/15)             Temple (0/1) D:6
   Lair: D:8-11

Altars:
Cheibriados
Fedhas
Okawaru
Ru
Vehumet
Wu Jian

Shops:
D:1 *

Annotations:
D:6 exclusion: oklob plant


Innate Abilities, Weirdness & Mutations

You can breathe waves of freezing cold which knock back foes.
Your icy white scales are hard. (AC +7)
You cannot fit into any form of body armour.
Your flesh is cold resistant. (rC+)
You are cold-blooded and may be slowed by cold attacks.


Message History

Your piece from Xom's chessboard (3/15) has regained one charge.
You see here a vampire mosquito corpse.
As you read the scroll of teleportation, it crumbles to dust.
You feel strangely unstable.
You have got your breath back.
The acid dragon closely misses you.
The acid dragon claws you but does no damage.
A deep elf pyromancer and a steam dragon come into view.
The deep elf pyromancer is wielding a +0 long sword and wearing a +1 leather armour of willpower.
The deep elf pyromancer shouts!
Your surroundings suddenly seem different.
A wyvern zombie comes into view.
The wyvern zombie closely misses you. The wyvern zombie closely misses you.
The wyvern zombie bites you!
* * * LOW HITPOINT WARNING * * *
A bullfrog comes into view.
There is a shaft here.
You are no longer glowing.
The wyvern zombie barely misses you. The wyvern zombie bites you.
* * * LOW HITPOINT WARNING * * *
The wyvern zombie bites you.
* * * LOW HITPOINT WARNING * * *
A centaur warrior comes into view.
The centaur warrior shouts!
You hear a shout!
The centaur warrior wields a +0 shortbow.
The centaur warrior shoots an arrow.
The arrow barely misses you.
A bullfrog comes into view.
The bullfrog croaks.
Aiming: Breathe Frost (4% risk of failure)
Press: ? - help, Shift-Dir - straight line, f - wyvern zombie
Aim: a wyvern zombie (89% to hit)
You exhale a wave of freezing cold.
The freezing breath hits the wyvern zombie.
The wyvern zombie resists.
The wyvern zombie is lightly damaged.
The wyvern zombie is blown backwards by the freezing wind.
The centaur warrior shoots an arrow.
The arrow hits you!
You die...

#.# ..
#.# #.#
#.# #.#
#.# #Z# #
#.#F###.#
+.
#@..c....
..
#.#.###.#
+. #.#.#
#.# # ..#
..# ...
#.##


You could see a centaur warrior, a bullfrog and a wyvern zombie.

Vanquished Creatures
  Sigmund (D:2)
  5 yaks (D:8)
  A vampire mosquito (D:8)
  A water moccasin (D:4)
  2 black bears
  An ice beast (D:4)
  2 ogres
  A necrophage (D:5)
  2 centaurs (D:6)
  A phantom (D:5)
  2 bullfrogs (D:6)
  A wyvern zombie (D:6)
  A wyvern skeleton (D:6)
  A water moccasin skeleton (D:6)
  5 killer bees (D:7)
  4 wights
  A howler monkey (D:6)
  5 jellies
  A bullfrog zombie (D:4)
  A gnoll shaman (D:7)
  An orc priest (D:3)
  A centaur skeleton (D:7)
  2 hounds
  4 iguanas
  24 gnolls
  2 howler monkey skeletons
  A howler monkey zombie (D:6)
  7 adders
  A white imp (D:7)
  An ufetubus (D:4)
  An adder zombie (D:3)
  A worm (D:5)
  5 dart slugs
  3 orcs
  7 bats
  9 endoplasms
  5 giant cockroaches
  5 goblins
  6 hobgoblins
  2 jackals (D:3)
  8 kobolds
  5 quokkas
  5 ball pythons
  4 frilled lizards
  8 rats
157 creatures vanquished.

Vanquished Creatures (collateral kills)
  An adder (D:3)
  A gnoll (D:1)
  3 orcs (D:3)
  2 jackals (D:3)
7 creatures vanquished.

Vanquished Creatures (others)
  A gnoll (D:3)
  4 bushes (D:6)
  2 fungi (D:6)
  5 plants
12 creatures vanquished.

Grand Total: 176 creatures vanquished

Notes
Turn   | Place    | Note
-------+----------+-------------------------------------------
     0 | D:1      | Hrothgar the Draconian Artificer began the quest for the
                  | Orb.
     0 | D:1      | Reached XP level 1. HP: 16/16 MP: 1/1
   108 | D:1      | Reached XP level 2. HP: 23/23 MP: 2/2
   110 | D:1      | Reached skill level 1 in Stealth
   257 | D:1      | Found Cyfey's Assorted Antiques.
   692 | D:1      | Reached XP level 3. HP: 28/28 MP: 3/3
   908 | D:2      | Noticed Sigmund
   928 | D:2      | Killed Sigmund
   929 | D:2      | Reached skill level 1 in Unarmed Combat
   929 | D:2      | Reached XP level 4. HP: 22/36 MP: 4/4
   929 | D:2      | Reached XP level 5. HP: 26/41 MP: 5/5
  1022 | D:1      | Bought a scroll of identify for 44 gold pieces
  1194 | D:1      | HP: 2/41 [gnoll/+0 flail (10)]
  2404 | D:2      | Reached XP level 6. HP: 48/48 MP: 2/6
  3288 | D:3      | Found a faded altar of an unknown god.
  3309 | D:3      | Prayed at the altar of an unknown god.
  3309 | D:3      | Became a worshipper of Warmaster Okawaru
  3309 | D:3      | Reached * piety under Okawaru
  4171 | D:4      | Reached skill level 1 in Slings
  4277 | D:4      | Your scales start taking on an icy white colour.
  4277 | D:4      | Reached XP level 7. HP: 53/56 MP: 8/8
  4277 | D:4      | Gained mutation: Your flesh is cold resistant. (rC+) [White
                  | Draconian growth]
  4670 | D:4      | Reached ** piety under Okawaru
  4671 | D:4      | Reached skill level 1 in Spellcasting
  6191 | D:5      | Entered Level 5 of the Dungeon
  6206 | D:4      | Reached XP level 8. HP: 26/61 MP: 9/9
  6445 | D:5      | Reached skill level 1 in Long Blades
  6921 | D:6      | Found an iron altar of Okawaru.
  6947 | D:6      | Found a radiant altar of Vehumet.
  6971 | D:6      | Reached skill level 1 in Invocations
  7007 | D:6      | Found a blossoming altar of Fedhas.
  7022 | D:6      | Noticed an oklob plant
  7474 | D:6      | Found a snail-covered altar of Cheibriados.
  7547 | D:6      | Reached *** piety under Okawaru
  7780 | D:6      | Reached skill level 1 in Throwing
  7860 | D:6      | Reached XP level 9. HP: 20/71 MP: 12/12
  8080 | D:6      | Found a staircase to the Ecumenical Temple.
  8880 | D:7      | Reached skill level 5 in Evocations
  8889 | D:7      | Reached **** piety under Okawaru
  9422 | D:8      | HP: 2/71 [cloud of flame (28)]
  9423 | D:8      | Reached skill level 1 in Bows
  9424 | D:8      | Reached skill level 5 in Stealth
  9614 | D:8      | Found an ornate altar of the Wu Jian Council.
  9615 | D:8      | Found a sacrificial altar of Ru.
  9641 | D:8      | Noticed a deep elf pyromancer
  9657 | D:8      | Noticed a centaur warrior
  9659 | D:8      | Shot with an arrow by a centaur warrior

Illustrated notes

Levels and vault maps discovered:
D:1:      psy_arrival_basics, layout_basic, serial_shops,
          nicolae_shop_window_shopping, minivault_26, serial_bayou_lagoon_b
D:2:      minmay_chambers_of_ones, layout_basic, lightli_corner_chamber,
          uniq_sigmund
D:3:      layout_basic, shapermc_ecumenical_altar_mp_ritualfount
D:4:      layout_loops_corners, hex_large, corexii_hall_statues_t
D:5:      layout_cave_pools
D:6:      minmay_klotski, layout_gridville, lemuel_crystal_altar, tgw_fedhas,
          mainiacjoe_overflow_small_starburst, mainiacjoe_overflow_chevrons,
          minmay_temple_entry_junction, minmay_bent
D:7:      layout_loops_ring
D:8:      layout_loops_ring, grunt_gozag_breadcrumbs,
          mainiacjoe_overflow_divided_tiny, enter_ossuary_3, special_room
          [special_room_orc], minmay_the_grid_2x2
          [minmay_the_grid_minigrid_large, minmay_the_grid_spikes,
          minmay_the_grid_odd_star, minmay_the_grid_prize_four_corners],
          uniq_harold

Skill      XL: |  1  2  3  4  5  6  7  8  9 |
---------------+----------------------------+-----
Stealth        | 1 2 3 4 5 |  5.1
Short Blades   | 2 3 4 |  4.3
Unarmed Combat | 1 2 3 |  3.6
Evocations     | 4 5 |  5.2
Fighting       | 2 3 4 |  4.5
Dodging        | 3 4 |  4.6
Slings         | 1 2 3 4 |  4.0
Spellcasting   | 1 2 |  2.6
Long Blades    | 2 4 |  4.6
Invocations    | 1 2 |  2.5
Throwing       | 1 2 |  2.4
Bows           | 1 |  1.4

Action                   |  1- 3 |  4- 6 |  7- 9 || total
-------------------------+-------+-------+-------++-------
Melee: Club              |     2 |       |       ||     2
       Short sword       |    38 |    16 |       ||    54
       Tailslap          |     7 |    13 |    27 ||    47
       Dagger            |       |    90 |    47 ||   137
       Punch             |       |     6 |     1 ||     7
       Great sword       |       |       |    90 ||    90
 Fire: Hunting sling     |       |    41 |    56 ||    97
       Shortbow          |       |       |    12 ||    12
Throw: Javelin           |       |       |    44 ||    44
Invok: Heroism           |       |       |     1 ||     1
 Abil: Breathe Frost     |       |       |    38 ||    38
Evoke: Wand              |    13 |    17 |    18 ||    48
       Piece from Xom's  |     5 |    20 |     9 ||    34
  Use: Scroll            |     1 |     2 |    15 ||    18
       Potion            |     1 |       |     5 ||     6
 Stab: Sleeping          |     2 |     7 |     1 ||    10
       Petrified         |    12 |     2 |     1 ||    15
       Paralysed         |       |     2 |       ||     2
       Confused          |       |     1 |     1 ||     2
Armor: Skin              |    13 |    45 |    59 ||   117
Dodge: Dodged            |    23 |   100 |   199 ||   322
